 Dungeon Crawl Stone Soup version 0.29-a0-11-ga75d3d97ab (webtiles) character file.

Game seed: 4157492469045078304

6 enile the Magician (level 2, -1/34 HPs)
             Began as a Djinni Wanderer on Jan 28, 2022.
             Was a Follower of Trog.
             Frozen to death by an endoplasm (4 damage)
             ... on level 1 of the Dungeon.
             The game lasted 00:01:05 (290 turns).

enile the Magician (Djinni Wanderer)                 Turns: 290, Time: 00:01:06

Health: -1/34      AC:  3    Str:  8    XL:     2   Next: 0%
Gold:   0          EV: 12    Int: 17    God:    Trog [*.....] SH:  0 Dex: 17

rFire   + + .      SeeInvis .   a - +2 dagger
rCold   x . .      Faith    .   (no shield)
rNeg    . . .      Spirit   .   d - +0 robe
rPois   ∞          Reflect  .   c - +0 helmet
rElec   .          Harm     .   (no cloak)
rCorr   .          Rampage  .   (no gloves)
Will    .....                   (boots unavailable)
Stlth   ..........              (no amulet)
HPRegen 0.11/turn               e - +6 ring of intelligence
MPRegen 0.00/turn               (no ring)

@: berserking, flying, very quick
A: sickness immunity, fire resistance 2, cold vulnerability 1, float, innate
caster, hp casting, extra vitality 1
a: Renounce Religion, Berserk


You were on level 1 of the Dungeon.
You worshipped Trog.
Trog was aware of your devotion.
You visited 1 branch of the dungeon, and saw 1 of its levels.

Inventory:

Hand Weapons
 a - a +2 dagger (weapon)
Missiles
 b - a curare-tipped dart (quivered)
Armour
 c - a +0 helmet (worn)
 d - a +0 robe (worn)
Jewellery
 e - a +6 ring of intelligence (left hand)


   Skills:
 + Level 2.1 Fighting
 - Level 2.4 Throwing
 - Level 1.0 Armour
 - Level 1.1 Dodging
 - Level 2.6 Spellcasting


You had 2 spell levels left.
You knew the following spells:

 Your Spells              Type           Power      Damage    Failure   Level
a - Mephitic Cloud        Conj/Pois/Air  11%        N/A       19%         3
b - Shock                 Conj/Air       44%        1d5       6%          1

Your spell library contained the following spells:

 Spells                   Type           Power      Damage    Failure   Level


Dungeon Overview and Level Annotations

Branches:
Dungeon (1/15)

Altars:
Trog


Innate Abilities, Weirdness & Mutations

You are immune to sickness and miasma.
You are immune to poison.
Your flesh is very heat resistant. (rF++)
You are vulnerable to cold. (rC-)
You float through the air rather than walking.
You learn spells naturally, not from books.
Your magical power is your life essence.
You have superior vitality. (+4 MHP)


Message History

Trog accepts your prayer! Trog welcomes you!
You can now go berserk at will.
Things that are here:
a +0 short sword; 2 stones; a kobold corpse
Found 25 sling bullets.
An endoplasm comes into view.
An endoplasm is nearby!
An endoplasm and a rat come into view.
The endoplasm quivers.
The rat barely misses you. The endoplasm freezes you.
You are frozen.
You feel a terrible chill!
You hit the endoplasm.
The endoplasm is moderately wounded.
The rat bites you. The endoplasm hits you.
You barely miss the rat. The rat bites you but does no damage.
The endoplasm freezes you.
You are frozen.
You feel a terrible chill!
Unknown command.
You hit the rat.
You kill the rat!
Trog accepts your kill. The endoplasm freezes you.
You are frozen.
You feel a terrible chill!
* * * LOW HITPOINT WARNING * * *
You need to enable at least one skill for training.
You have reached level 2!
An endoplasm is nearby!
Okay, then.
A red film seems to cover your vision as you go berserk!
You feel yourself moving faster!
You feel mighty! The endoplasm freezes you.
You are frozen.
You feel a terrible chill!
* * * LOW HITPOINT WARNING * * *
You hit the endoplasm.
The endoplasm is severely wounded.
The endoplasm freezes you.
You are frozen.
You feel a terrible chill!
You die...

####....# #.#.#
..######.######.#†#
#..............)..#
########.......##.##
###......##.#.
###.............
##########...............
.........#.....#.#####.##
........@...##.#.# #.#
.......J...###.### ###.##
...........# #.. #.....
#.#.....#### #.### ###.##
#.....### .#<# #.# .....#
#.#####.## ##...
#......>.. ....
###.###### #.#


You could see an endoplasm.

Vanquished Creatures
  An endoplasm (D:1)
  2 jackals (D:1)
  A kobold (D:1)
  A rat (D:1)
5 creatures vanquished.

Notes
Turn   | Place    | Note
-------+----------+-------------------------------------------
     0 | D:1      | enile the Djinni Wanderer began the quest for the Orb.
     0 | D:1      | Reached XP level 1. HP: 18/18 MP: 0/0
   199 | D:1      | Found a faded altar of an unknown god.
   207 | D:1      | Prayed at the altar of an unknown god.
   207 | D:1      | Became a worshipper of Trog the Wrathful
   207 | D:1      | Reached * piety under Trog
   289 | D:1      | Reached XP level 2. HP: 4/23 MP: 0/0
   290 | D:1      | Frozen to death by an endoplasm

Illustrated notes

Levels and vault maps discovered:
D:1:      evilmike_arrival_hilbert_curve, layout_rooms, basic_ecumenical_altar

Action                   || total
-------------------------++-------
Melee: Dagger            ||     8
 Cast: Shock             ||     7
Invok: Berserk           ||     1
Armor: Robe              ||     1
Dodge: Dodged            ||     3

Table legend: (Time is in decaauts)
 A = Elapsed time spent in this place.
 B = Non-inter-level travel time spent in this place.
 C = Inter-level travel time spent in this place.
 D = Time resting spent in this place.
 E = Time spent auto-exploring this place.
 F = Levels seen in this place.
 G = Mean time per level.
                   A        B        C        D        E       F      G
               +--------+--------+--------+--------+--------+-----+--------+
         Total |    289 |    289 |      0 |      0 |    249 |   1 |  289.0 |
       Dungeon |    289 |    289 |      0 |      0 |    249 |   1 |  289.0 |
               +--------+--------+--------+--------+--------+-----+--------+

Top non-repeatable levels by time:
     D:1: 289 daAuts
